Map: Nightshade LE

Players

Miltoniuss

  • Race: Zerg Zerg
  • League: Gold
  • Spawn Location: 11:00

antagomiR - Winner!

  • Race: Protoss Protoss
  • League: Gold
  • Spawn Location: 5:00

VOD

Have the link to the VOD?

Description

Time

  • Played on: April 19, 2020, 2:25 p.m.
  • Length: 3:36
Show
View Real Time Build Order
Export as new Build Order

Miltoniuss Zerg 

Build Orders: Pool First 

Get SALT Encoding   

  12  0:02  Drone  
  13  0:11  Drone  
  14  0:26  Spawning Pool  
  13  0:30  Drone  
  14  0:36  Extractor  
  14  0:37  Drone  
  14  0:44  Extractor  
  14  0:45  Drone  
  15  0:51  Overlord  
  15  1:14  Queen  
  15  1:15  Zergling x6  
  20  1:27  Zergling x2  
  21  1:38  Zergling x2  
  22  1:42  Metabolic Boost  
  22  1:51  Overlord  
  22  2:20  Zergling x6  
  25  2:25  Hatchery  
Show
View Real Time Build Order
Export as new Build Order

antagomiR Protoss - Winner!

Build Orders:  

Get SALT Encoding   

  12  0:00  Probe  
  13  0:13  Probe  
  14  0:19  Pylon  
  14  0:25  Probe  
  15  0:37  Probe  
  15  0:39  Gateway  
  16  0:49  Probe, Assimilator  
  17  1:01  Probe  
  18  1:16  Probe  
  19  1:22  Assimilator  
  18  1:28  Probe, Cybernetics Core  
  19  1:39  Gateway  
  19  1:44  Probe  
  20  1:54  Zealot  
  22  1:56  Probe  
  23  2:06  Pylon  
  22  2:18  Shield Battery  
  22  2:24  Stalker  
  22  2:25  Pylon  
  24  2:47  Gateway  
Tags
 
League
GoldGold
Matchup
PvZ
Opening
Pool First
Replay Pack
20200422
Spawn Locations
Cross Positions
Add a new tag
Caveats
  • Supply blocks, unpowered buildings, or Contaminate may cause inaccurate times.
  • Supply counts are checked every 10 seconds.